 Dungeon Crawl Stone Soup version 0.20.0-15-g7f486f2 (webtiles) character file.

92 dvd the Chiller (level 4, -4/33 HPs)
             Began as a Demigod Ice Elementalist on June 11, 2017.
             Killed by divine providence
             ... invoked by an orc priest
              (7 damage)
             ... on level 3 of the Dungeon.
             The game lasted 00:05:45 (2579 turns).

dvd the Chiller (Demigod Ice Elementalist)          Turns: 2579, Time: 00:05:46

Health: -4/33      AC:  2    Str: 10 (13) XL:     4   Next: 13%
Magic:  6/11       EV: 12    Int: 16 (19) God:
Gold:   75         SH:  0    Dex: 14 (16) Spells: 3/9 levels left

rFire    . . .     SeeInvis .   l - +0 rapier
rCold    . . .     Gourm    .   (no shield)
rNeg     . . .     Faith    .   a - +0 robe
rPois    .         Spirit   .   (no helmet)
rElec    .         Reflect  .   (no cloak)
rCorr    .         Harm     .   (no gloves)
MR       .....                  (no boots)
Stlth    ++........             (no amulet)
Regen    0.2/turn               (no ring)
MPRegen  0.2/turn               (no ring)

@: very slightly contaminated, hasted, very quick
A: high mp 1
a: no special abilities


You were on level 3 of the Dungeon.
You were not hungry.

You visited 1 branch of the dungeon, and saw 3 of its levels.

You collected 75 gold pieces.

Inventory:

Hand Weapons
 j - a +0 whip
 k - a +0 hand axe
 l - a +0 rapier (weapon)
Armour
 a - a +0 robe (worn)
Wands
 h - a wand of iceblast (8/15)
Scrolls
 g - 6 scrolls of identify
 o - a scroll of teleportation {unknown}
Potions
 e - 2 potions of haste
 m - 2 potions of lignification
 q - a potion of cancellation {unknown}
Books
 b - a book of Frost

   Spells                             Type                      Level
   a - Freeze                         Ice                          1
   b - Throw Frost                    Conjuration/Ice              2
   c - Ozocubu's Armour               Charms/Ice                   3
   d - Throw Icicle                   Conjuration/Ice              4
   e - Summon Ice Beast               Ice/Summoning                4
Comestibles
 c - 2 bread rations
 d - 3 chunks of flesh
 f - 2 meat rations
 i - 2 royal jellies
 n - 2 fruits


   Skills:
 + Level 0.1 Fighting
 + Level 0.1 Short Blades
 + Level 1.9 Dodging
 + Level 1.7 Stealth
 + Level 3.1 Spellcasting
 + Level 1.2 Conjurations
 + Level 0.1 Charms
 + Level 3.3 Ice Magic


You had 3 spell levels left.
You knew the following spells:

 Your Spells              Type           Power        Failure   Level  Hunger
a - Freeze                Ice            ##..         4%          1    #......
b - Throw Frost           Conj/Ice       #.....       11%         2    ##.....
c - Ozocubu's Armour      Chrm/Ice       #.......     26%         3    ###....


Dungeon Overview and Level Annotations

Branches:
Dungeon (3/15)


Innate Abilities, Weirdness & Mutations

You have an increased reservoir of magic. (+10% MP)


Message History

Confirm with . or Enter, or press ? or * to list all spells.
Aiming: Freeze
Press: ? - help, Shift-Dir - straight line, f/p - orc priest
Aim: an orc priest, wielding a short sword and wearing a leather armour You freeze the orc priest.
The orc priest is moderately wounded.
The orc hits you with a dagger.
The orc priest invokes the aid of Beogh against you.
Beogh smites you!
* * * LOW HITPOINT WARNING * * *
The orc shouts!
Unknown command.
It was a potion of haste.
You feel yourself speed up.
Unknown command.
It was a potion of degeneration.
There was something very wrong with that liquid.
You feel weakened.
You feel dopey.
You feel clumsy.
The orc priest mumbles some strange prayers to Beogh against you.
Beogh smites you!
You die...

#. ##. .... ### ## ....
..# #.. #..##.. .. #..#o#
##.# #o.o# #..##########.#
#.........!.@o## #
####.###########..## .###
##......## ##..#####....
.....##..# ##.......#
##.###...## #.......##
...###.#..# #.......#
##........# ##)......#
##........#######.......##
...#####.......##........#


You could see an orc priest and 2 orcs.

Vanquished Creatures
  2 adders
  3 worms (D:2)
  2 dart slugs
  3 leopard geckos
  6 bats
  2 giant cockroaches
  9 goblins
  8 hobgoblins
  4 jackals (D:3)
  A quokka (D:2)
  2 frilled lizards
  8 kobolds
  5 rats
55 creatures vanquished.

Notes
Turn   | Place    | Note
-------+----------+-------------------------------------------
     0 | D:1      | dvd the Demigod Ice Elementalist began the quest for the Orb.
     0 | D:1      | Reached XP level 1. HP: 14/14 MP: 5/5
   186 | D:1      | Reached XP level 2. HP: 16/20 MP: 2/7
   269 | D:1      | Learned a level 2 spell: Throw Frost
  1088 | D:2      | Reached XP level 3. HP: 26/26 MP: 5/9
  1203 | D:2      | Found an ancient bone altar of Kikubaaqudgha.
  1282 | D:2      | Reached skill level 1 in Conjurations
  1551 | D:2      | Learned a level 3 spell: Ozocubu's Armour
  2218 | D:2      | Found a hazy altar of Hepliaklqana.
  2421 | D:3      | Found a hide-covered altar of Uskayaw.
  2427 | D:3      | Reached XP level 4. HP: 32/33 MP: 6/11
  2579 | D:3      | Killed from afar by an orc priest

Skill      XL: |  1  2  3 |
---------------+----------+-----
Spellcasting   | 2 3 |  3.1
Ice Magic      | 3 |  3.3
Conjurations   | 1 |  1.2
Fighting       | |  0.1
Short Blades   | |  0.1
Dodging        | |  1.9
Stealth        | |  1.7
Charms         | |  0.1

Action                   |  1- 3 |  4- 6 || total
-------------------------+-------+-------++-------
Melee: Whip              |     7 |       ||     7
       Unarmed           |     1 |       ||     1
       Rapier            |    18 |     5 ||    23
 Cast: Freeze            |    64 |     8 ||    72
       Throw Frost       |    21 |       ||    21
       Ozocubu's Armour  |     4 |     1 ||     5
  Use: Scroll            |     3 |       ||     3
       Potion            |       |     2 ||     2
 Stab: Sleeping          |     3 |       ||     3
  Eat: Chunk             |     6 |     1 ||     7
Armor: Robe              |    10 |     4 ||    14
Dodge: Dodged            |    52 |    12 ||    64
